 Dungeon Crawl Stone Soup version 0.20.1-1-g8b1a95d (webtiles) character file.

47 iopi the Cudgeler (level 3, 0/36 HPs)
             Began as a Troll Berserker on Oct 18, 2017.
             Was a Believer of Trog.
             Slain by Robin
             ... wielding a +0 short sword
              (2 damage)
             ... on level 2 of the Dungeon on Oct 19, 2017.
             The game lasted 00:11:24 (882 turns).

iopi the Cudgeler (Troll Berserker)                  Turns: 882, Time: 00:11:25

Health: 0/36       AC:  5    Str: 25    XL:     3   Next: 48%
Magic:  2/2        EV: 10    Int:  4    God:    Trog [**....]
Gold:   32         SH:  0    Dex:  9    Spells: 2/2 levels left

rFire    . . .     SeeInvis .   a - +0 mace
rCold    . . .     Gourm    +   (no shield)
rNeg     . . .     Faith    .   b - +0 animal skin
rPois    .         Spirit   .   (helmet restricted)
rElec    .         Reflect  .   (no cloak)
rCorr    .         Harm     .   (gloves unavailable)
MR       ++...                  (boots unavailable)
Stlth    +.........             (no amulet)
Regen    1.6/turn               (no ring)
MPRegen  0.1/turn               (no ring)

@: regenerating
A: unfitting armour, claws 3, fast metabolism 3, gourmand, regeneration 1,
shaggy fur 1, tough skin 2
a: Berserk, Trog's Hand, Burn Spellbooks, Renounce Religion


You were on level 2 of the Dungeon.
You worshipped Trog.
Trog was pleased with you.
You were hungry.

You visited 1 branch of the dungeon, and saw 2 of its levels.

You collected 32 gold pieces.

Inventory:

Hand Weapons
 a - a +0 mace (weapon)
Armour
 b - a +0 animal skin (worn)
 d - a +0 ring mail
 e - a +0 scale mail
Scrolls
 i - a scroll of identify {unknown}
Potions
 f - a potion of agility {unknown}
 h - 2 potions of curing {unknown}
 j - a potion of degeneration {unknown}
Comestibles
 c - 3 bread rations
 g - a royal jelly


   Skills:
 + Level 2.8 Fighting
 + Level 3.3 Maces & Flails
 + Level 2.9 Dodging


You had 2 spell levels left.
You didn't know any spells.

Dungeon Overview and Level Annotations

Branches:
Dungeon (2/15)

Altars:

Annotations:
D:2 Robin


Innate Abilities, Weirdness & Mutations

You are too large for most types of armour.
You have claws for hands.
Your metabolism is lightning-fast.
You like to eat raw meat.
Your natural rate of healing is unusually fast.
You are covered in fur. (AC +1)
You have very tough skin. (AC +2)


Message History

* * * LOW HITPOINT WARNING * * *
The leopard gecko barely misses you.
You hit Robin.
Robin is severely wounded.
Robin hits you with a short sword.
* * * LOW HITPOINT WARNING * * *
The frilled lizard hisses.
The frilled lizard barely misses you. The leopard gecko closely misses you.
Robin hits you with a short sword.
* * * LOW HITPOINT WARNING * * *
The frilled lizard bites you but does no damage.
You hit Robin but do no damage.
Robin is severely wounded.
The leopard gecko barely misses you. Robin barely misses you.
The leopard gecko bites you.
* * * LOW HITPOINT WARNING * * *
The frilled lizard bites you.
* * * LOW HITPOINT WARNING * * *
Robin hits you with a short sword.
You die...

#.# #.. #... ##
..... ..# ## ...##
.#># #. ...###.#(#
#. #!s#.##.### #.
#lg#.....# ##
#@l#.....#
#.)......#
#....†...#
#........#
#.###.#############
#. #..............
#$ #.####.#######.
## ..## #.........
##. ##########


You could see Robin, a leopard gecko, a giant cockroach and a frilled lizard.

Vanquished Creatures
  An adder (D:2)
  A leopard gecko (D:1)
  4 bats
  A giant cockroach (D:1)
  8 goblins
  8 hobgoblins
  2 jackals (D:1)
  2 kobolds (D:1)
  2 rats
29 creatures vanquished.

Vanquished Creatures (others)
  A goblin (D:2)
1 creature vanquished.

Grand Total: 30 creatures vanquished

Notes
Turn   | Place    | Note
-------+----------+-------------------------------------------
     0 | D:1      | iopi the Troll Berserker began the quest for the Orb.
     0 | D:1      | Reached XP level 1. HP: 22/22 MP: 0/0
   285 | D:1      | Reached XP level 2. HP: 29/29 MP: 1/1
   514 | D:1      | Reached skill level 3 in Maces & Flails
   816 | D:2      | Reached XP level 3. HP: 33/36 MP: 2/2
   853 | D:2      | Noticed Robin
   865 | D:2      | Reached ** piety under Trog
   882 | D:2      | Slain by Robin

Skill      XL: |  1  2 |
---------------+-------+-----
Maces & Flails | 3 |  3.3
Fighting       | |  2.8
Dodging        | |  2.9

Action                   || total
-------------------------++-------
Melee: Mace              ||    73
Invok: Trog's Hand       ||     1
  Eat: Meat ration       ||     1
Armor: Animal skin       ||    66
Dodge: Dodged            ||    79
